PL
BOSTON PATRIOTS @ PORTLAND EVERGREENS
08/20/2039
 
TOP OF THE 1ST
Boston Patriots batting - Pitching for Portland Evergreens : RHP Natalino Golaio
Pitching: RHP Natalino Golaio
Batting: RHB Roland Deschain 0-0: Ball
1-0: SINGLE (Line Drive, 78M, EV 101.9 MPH)
Batting: SHB Temaki Yuka 0-0: DOUBLE (Flyball, 8LXD, EV 101.9 MPH)
Roland Deschain to third
Batting: LHB Freddy Díaz 0-0: Called Strike
0-1: Called Strike
0-2: Ball
1-2: Ball
2-2: Ball
3-2: Base on Balls
Batting: SHB Edward Sterrenburg 0-0: Called Strike
0-1: Ball
1-1: Ball
2-1: Swinging Strike
2-2: Foul Ball, location: 2F
2-2: Foul Ball, location: 2F
2-2: Foul Ball, location: 2F
2-2: Grounds into fielders choice 1-2 (Groundball, 15S, EV 76.2 MPH)
Temaki Yuka to third
Freddy Díaz to second
Batting: LHB Juan Andrés Martí 0-0: Ball
Wild Pitch!
Temaki Yuka scores
Freddy Díaz to third
Edward Sterrenburg to second
1-0: Called Strike
1-1: Foul Ball, location: 2F
1-2: Foul Ball, location: 2F
1-2: Fly out, F9 (Flyball, 89S, EV 88.1 MPH)
Batting: SHB Eisse van Opdorp 0-0: Foul Ball, location: 2F
0-1: Ball
1-1: Swinging Strike
1-2: Ball
2-2: Ball
3-2: Ground out 1-3 (Groundball, 13, EV 84.4 MPH)
Top of the 1st over - 1 run, 2 hits, 0 errors, 2 left on base; Boston 1 - Portland 0
BOTTOM OF THE 1ST
Portland Evergreens batting - Pitching for Boston Patriots : RHP Alberto López
Pitching: RHP Alberto López
Batting: SHB Willie McGirt 0-0: Ball
1-0: Called Strike
1-1: Foul Ball, location: 2F
1-2: Foul Ball, location: 2F
1-2: Fly out, F7 (Flyball, 78S, EV 90.0 MPH)
Batting: LHB Fernando Soto 0-0: Called Strike
0-1: Ground out 4-3 (Groundball, 4M, EV 79.4 MPH)
Batting: SHB Billy Dotson 0-0: Ball
1-0: SINGLE (Groundball, 6MD, EV 107.5 MPH)
Batting: RHB Jeff Solís 0-0: Ground out 6-3 (Groundball, 56, EV 81.9 MPH)
Bottom of the 1st over - 0 runs, 1 hit, 0 errors, 1 left on base; Boston 1 - Portland 0
TOP OF THE 2ND
Boston Patriots batting - Pitching for Portland Evergreens : RHP Natalino Golaio
Batting: RHB Brevyn Spann-Ford 0-0: Swinging Strike
0-1: Ball
1-1: Ball
2-1: Swinging Strike
2-2: Ball
3-2: Single, Error in OF, E8, batter to second base (Groundball, 4D, EV 106.9 MPH)
Batting: RHB Joe Aller 0-0: Ball
1-0: Called Strike
1-1: SINGLE (Groundball, 34D, EV 100.6 MPH)
Brevyn Spann-Ford to third
Batting: RHB Yu-shu Kang 0-0: Fielders Choice at 2nd, 5-4 (Groundball, 56, EV 103.8 MPH)
Brevyn Spann-Ford scores
Batting: RHB Roland Deschain 0-0: Ball
1-0: Ball
2-0: Ball
3-0: Base on Balls
Yu-shu Kang to second
Batting: SHB Temaki Yuka 0-0: Ball
1-0: Swinging Strike
1-1: Fly out, F7 (Flyball, 78S, EV 80.0 MPH)
Batting: LHB Freddy Díaz 0-0: Ball
1-0: Ball
2-0: Foul Ball, location: 2F
2-1: Swinging Strike
2-2: Fly out, F8 (Flyball, 78D, EV 83.8 MPH)
Top of the 2nd over - 1 run, 2 hits, 1 error, 2 left on base; Boston 2 - Portland 0
BOTTOM OF THE 2ND
Portland Evergreens batting - Pitching for Boston Patriots : RHP Alberto López
Batting: RHB Blaze Alexander 0-0: Ball
1-0: Fly out, F7 (Line Drive, 7, EV 91.9 MPH)
Batting: RHB Eugene Bowman 0-0: Called Strike
0-1: Called Strike
0-2: Ball
1-2: Ball
2-2: Strikes out swinging
Batting: RHB Travis Murphy 0-0: Called Strike
0-1: Foul Ball, location: 2F
0-2: Ball
1-2: Ball
2-2: Ground out 4-3 (Groundball, 4, EV 83.8 MPH)
Bottom of the 2nd over - 0 runs, 0 hits, 0 errors, 0 left on base; Boston 2 - Portland 0
TOP OF THE 3RD
Boston Patriots batting - Pitching for Portland Evergreens : RHP Natalino Golaio
Batting: SHB Edward Sterrenburg 0-0: Swinging Strike
0-1: Foul Ball, location: 2F
0-2: Ball
1-2: Ball
2-2: Foul Ball, location: 2F
2-2: Ball
3-2: Fly out, F8 (Flyball, 8RD, EV 85.0 MPH)
Batting: LHB Juan Andrés Martí 0-0: Ball
1-0: Ball
2-0: Ground out U3 (Groundball, 3L, EV 84.4 MPH)
Batting: SHB Eisse van Opdorp 0-0: Ball
1-0: Ball
2-0: Called Strike
2-1: SOLO HOME RUN (Line Drive, 9D, EV 111.2 MPH), Distance : 419 ft
Batting: RHB Brevyn Spann-Ford 0-0: Ball
1-0: Called Strike
1-1: Ball
2-1: Called Strike
2-2: Ground out 3-1 (Groundball, 34, EV 103.8 MPH)
Top of the 3rd over - 1 run, 1 hit, 0 errors, 0 left on base; Boston 3 - Portland 0
BOTTOM OF THE 3RD
Portland Evergreens batting - Pitching for Boston Patriots : RHP Alberto López
Batting: LHB Xu Cheng 0-0: Ball
1-0: Foul Ball, location: 2F
1-1: Foul Ball, location: 2F
1-2: Ground out 4-3 (Groundball, 4S, EV 80.6 MPH)
Batting: RHB Nestor Tantoco 0-0: Swinging Strike
0-1: Ground out 5-3 (Groundball, 5, EV 83.8 MPH)
Batting: SHB Willie McGirt 0-0: Called Strike
0-1: Ball
1-1: Swinging Strike
1-2: Strikes out swinging
Bottom of the 3rd over - 0 runs, 0 hits, 0 errors, 0 left on base; Boston 3 - Portland 0
TOP OF THE 4TH
Boston Patriots batting - Pitching for Portland Evergreens : RHP Natalino Golaio
Batting: RHB Joe Aller 0-0: Foul Ball, location: 2F
0-1: Fly out, F8 (Line Drive, 8LD, EV 86.9 MPH)
Batting: RHB Yu-shu Kang 0-0: Ball
1-0: Swinging Strike
1-1: Swinging Strike
1-2: Ball
2-2: Fly out, F8 (Line Drive, 8RM, EV 90.6 MPH)
Batting: RHB Roland Deschain 0-0: Ball
1-0: Foul Ball, location: 2F
1-1: Ball
2-1: Swinging Strike
2-2: Foul Ball, location: 2F
2-2: Strikes out swinging
Top of the 4th over - 0 runs, 0 hits, 0 errors, 0 left on base; Boston 3 - Portland 0
BOTTOM OF THE 4TH
Portland Evergreens batting - Pitching for Boston Patriots : RHP Alberto López
Batting: LHB Fernando Soto 0-0: Ball
1-0: Ball
2-0: Fly out, F8 (Flyball, 8LS, EV 83.1 MPH)
Batting: SHB Billy Dotson 0-0: Called Strike
0-1: Fly out, F9 (Flyball, 89D, EV 90.6 MPH)
Batting: RHB Jeff Solís 0-0: Ball
1-0: Swinging Strike
1-1: Ball
2-1: Fly out, F4 (Line Drive, 4, EV 67.5 MPH)
Bottom of the 4th over - 0 runs, 0 hits, 0 errors, 0 left on base; Boston 3 - Portland 0
TOP OF THE 5TH
Boston Patriots batting - Pitching for Portland Evergreens : RHP Natalino Golaio
Batting: SHB Temaki Yuka 0-0: Fly out, F8 (Line Drive, 8RD, EV 95.0 MPH)
Batting: LHB Freddy Díaz 0-0: Called Strike
0-1: Ball
1-1: Ground out 4-3 (Groundball, 4S, EV 72.5 MPH)
Batting: SHB Edward Sterrenburg 0-0: Ball
1-0: Foul Ball, location: 2F
1-1: Hit by Pitch
Batting: LHB Juan Andrés Martí 0-0: Ball
1-0: Swinging Strike
1-1: Called Strike
1-2: Strikes out looking
Top of the 5th over - 0 runs, 0 hits, 0 errors, 1 left on base; Boston 3 - Portland 0
BOTTOM OF THE 5TH
Portland Evergreens batting - Pitching for Boston Patriots : RHP Alberto López
Batting: RHB Blaze Alexander 0-0: Foul Ball, location: 2F
0-1: Foul Ball, location: 2F
0-2: Ball
1-2: Ball
2-2: Ball
3-2: Foul Ball, location: 2F
3-2: Fly out, F8 (Flyball, 8LD, EV 77.5 MPH)
Batting: RHB Eugene Bowman 0-0: Ground out 5-3 (Groundball, 56S, EV 90.0 MPH)
Batting: RHB Travis Murphy 0-0: Ground out U3 (Groundball, 34, EV 110.0 MPH)
Bottom of the 5th over - 0 runs, 0 hits, 0 errors, 0 left on base; Boston 3 - Portland 0
TOP OF THE 6TH
Boston Patriots batting - Pitching for Portland Evergreens : RHP Natalino Golaio
Pitching: RHP Vicente Durango
Batting: SHB Eisse van Opdorp 0-0: Swinging Strike
0-1: Fly out, F8 (Flyball, 8RM, EV 88.1 MPH)
Batting: RHB Brevyn Spann-Ford 0-0: Fly out, F6 (Flyball, 56D, EV 75.0 MPH)
Batting: RHB Joe Aller 0-0: Fly out, F4 (Popup, 34D, EV 52.5 MPH)
Top of the 6th over - 0 runs, 0 hits, 0 errors, 0 left on base; Boston 3 - Portland 0
BOTTOM OF THE 6TH
Portland Evergreens batting - Pitching for Boston Patriots : RHP Alberto López
Pitching: RHP Tae-ho Ch'oe
Batting: LHB Xu Cheng 0-0: Ball
1-0: Ball
2-0: Ball
3-0: Called Strike
3-1: Base on Balls
Batting: RHB Nestor Tantoco 0-0: Called Strike
0-1: Ball
1-1: Ball
2-1: Foul Ball, location: 2F
2-2: Ball
3-2: Strikes out looking
Batting: SHB Willie McGirt 0-0: Ball
Xu Cheng is caught stealing 2nd base 2-6
1-0: Called Strike
1-1: Fly out, F9 (Flyball, 9LMF, EV 105.0 MPH)
Bottom of the 6th over - 0 runs, 0 hits, 0 errors, 0 left on base; Boston 3 - Portland 0
TOP OF THE 7TH
Boston Patriots batting - Pitching for Portland Evergreens : RHP Vicente Durango
Batting: RHB Yu-shu Kang 0-0: Ball
1-0: Ball
2-0: Ball
3-0: Base on Balls
Batting: RHB Roland Deschain 0-0: Called Strike
0-1: Ball
1-1: Ball
2-1: Swinging Strike
2-2: Fielders Choice at 2nd, 6-4 (Groundball, 6, EV 88.8 MPH)
Batting: SHB Temaki Yuka 0-0: Ball
1-0: Ball
2-0: Fly out, F2 (Popup, 25F, EV 80.6 MPH)
Batting: LHB Freddy Díaz 0-0: Ball
1-0: Ball
2-0: Ball
3-0: Called Strike
3-1: Base on Balls
Roland Deschain to second
Batting: SHB Edward Sterrenburg 0-0: Ball
1-0: Ball
2-0: Ball
3-0: Swinging Strike
3-1: Reached on error, E8 (Flyball, 8RD, EV 88.1 MPH)
Roland Deschain scores
Freddy Díaz to third
Batting: LHB Juan Andrés Martí 0-0: Ball
1-0: Fly out, F7 (Line Drive, 7, EV 89.4 MPH)
Top of the 7th over - 1 run, 0 hits, 1 error, 2 left on base; Boston 4 - Portland 0
BOTTOM OF THE 7TH
Portland Evergreens batting - Pitching for Boston Patriots : RHP Tae-ho Ch'oe
Batting: LHB Fernando Soto 0-0: Called Strike
0-1: Ball
1-1: Ball
2-1: Ball
3-1: Base on Balls
Batting: SHB Billy Dotson 0-0: Called Strike
0-1: Foul Ball, location: 2F
0-2: Fly out, F6 (Popup, 6, EV 81.9 MPH)
Batting: RHB Jeff Solís 0-0: Called Strike
0-1: Ball
1-1: Called Strike
1-2: Strikes out looking
Batting: RHB Blaze Alexander 0-0: Ball
1-0: Called Strike
Fernando Soto steals 2nd base
1-1: Swinging Strike
1-2: Ball
2-2: Strikes out looking
Bottom of the 7th over - 0 runs, 0 hits, 0 errors, 1 left on base; Boston 4 - Portland 0
TOP OF THE 8TH
Boston Patriots batting - Pitching for Portland Evergreens : RHP Vicente Durango
Batting: SHB Eisse van Opdorp 0-0: Called Strike
0-1: Foul Ball, location: 2F
0-2: Fly out, F8 (Flyball, 89S, EV 81.9 MPH)
Batting: RHB Brevyn Spann-Ford 0-0: DOUBLE (Flyball, 8RXD, EV 100.6 MPH)
Batting: RHB Joe Aller 0-0: Foul Ball, location: 2F
0-1: SINGLE (Line Drive, 9S, EV 97.5 MPH)
Brevyn Spann-Ford to third
Runner from 3rd tries for Home, SAFE, throw by RF to home
Batting: RHB Yu-shu Kang 0-0: Called Strike
0-1: Ball
Wild Pitch!
Joe Aller to second
1-1: Ball
2-1: Called Strike
2-2: Fly out, F8 (Flyball, 8RD, EV 98.1 MPH)
Batting: RHB Roland Deschain 0-0: Ball
1-0: Ball
2-0: Called Strike
2-1: Ball
3-1: Foul Ball, location: 2F
3-2: Foul Ball, location: 2F
3-2: Base on Balls
Pitching: RHP Ron Mingo
Batting: SHB Temaki Yuka 0-0: Ball
1-0: Called Strike
1-1: Fly out, F8 (Line Drive, 8RD, EV 90.6 MPH)
Top of the 8th over - 1 run, 2 hits, 0 errors, 2 left on base; Boston 5 - Portland 0
BOTTOM OF THE 8TH
Portland Evergreens batting - Pitching for Boston Patriots : RHP Tae-ho Ch'oe
Batting: RHB Eugene Bowman 0-0: Ball
1-0: Called Strike
1-1: Swinging Strike
1-2: Ball
2-2: Ball
3-2: Strikes out looking
Batting: RHB Travis Murphy 0-0: Called Strike
0-1: Ground out 6-3 (Groundball, 6MS, EV 77.5 MPH)
Pitching: RHP Kelemeneke Balun
Batting: LHB Xu Cheng 0-0: Ball
1-0: SOLO HOME RUN (Line Drive, 8LXD, EV 106.2 MPH), Distance : 423 ft
Batting: RHB Nestor Tantoco 0-0: Ball
1-0: Called Strike
1-1: Ball
2-1: Foul Ball, location: 2F
2-2: Strikes out swinging
Bottom of the 8th over - 1 run, 1 hit, 0 errors, 0 left on base; Boston 5 - Portland 1
TOP OF THE 9TH
Boston Patriots batting - Pitching for Portland Evergreens : RHP Ron Mingo
Batting: LHB Freddy Díaz 0-0: Foul Ball, location: 2F
0-1: Ball
1-1: Ball
2-1: Foul Ball, location: 2F
2-2: Foul Ball, location: 2F
2-2: Ground out U3 (Groundball, 34, EV 91.9 MPH)
Batting: SHB Edward Sterrenburg 0-0: Called Strike
0-1: Ball
1-1: Foul Ball, location: 2F
1-2: Foul Ball, location: 2F
1-2: Fly out, F9 (Flyball, 9LS, EV 95.0 MPH)
Batting: LHB Juan Andrés Martí 0-0: Called Strike
0-1: Ball
1-1: Called Strike
1-2: Foul Ball, location: 2F
1-2: Ball
2-2: Foul Ball, location: 2F
2-2: Ball
3-2: Foul Ball, location: 2F
3-2: SINGLE (Line Drive, 78S, EV 95.0 MPH)
Batting: SHB Eisse van Opdorp 0-0: Called Strike
0-1: Called Strike
0-2: Foul Ball, location: 2F
0-2: Ball
1-2: Strikes out looking
Top of the 9th over - 0 runs, 1 hit, 0 errors, 1 left on base; Boston 5 - Portland 1
BOTTOM OF THE 9TH
Portland Evergreens batting - Pitching for Boston Patriots : RHP Kelemeneke Balun
Batting: SHB Willie McGirt 0-0: Called Strike
0-1: Swinging Strike
0-2: Ball
1-2: Strikes out looking
Batting: LHB Fernando Soto 0-0: Ground out 4-3 (Groundball, 4, EV 101.2 MPH)
Batting: SHB Billy Dotson 0-0: Called Strike
0-1: Ball
1-1: SINGLE (Groundball, 34D, EV 104.4 MPH)
Batting: RHB Jeff Solís 0-0: Called Strike
0-1: Foul Ball, location: 2F
0-2: Foul Ball, location: 2F
0-2: Ball
1-2: Foul Ball, location: 2F
1-2: Foul Ball, location: 2F
1-2: Foul Ball, location: 2F
1-2: Foul Ball, location: 2F
1-2: Fielders Choice at 2nd, 4-6 (Groundball, 4MD, EV 82.5 MPH)
Bottom of the 9th over - 0 runs, 1 hit, 0 errors, 1 left on base; Boston 5 - Portland 1
Wednesday, July 8th, 2020 - OOTP Baseball 20.8 Build 74